 Dungeon Crawl Stone Soup version 0.20.1-1-g8b1a95d (webtiles) character file.

49 Jazqa the Slasher (level 3, -2/31 HPs)
             Began as a Hill Orc Fighter on Oct 23, 2017.
             Killed from afar by an orc wizard (7 damage)
             ... with a magic dart
             ... on level 3 of the Dungeon.
             The game lasted 00:03:25 (1971 turns).

Jazqa the Slasher (Hill Orc Fighter)                Turns: 1971, Time: 00:03:26

Health: -2/31      AC:  6    Str: 23      XL:     3   Next: 77%
Magic:  3/3        EV:  7    Int:  7 (8)  God:
Gold:   99         SH:  9    Dex: 10 (11) Spells: 2/2 levels left

rFire    . . .     SeeInvis .   a - +0 long sword
rCold    . . .     Gourm    .   c - +0 shield
rNeg     . . .     Faith    .   b - +0 scale mail
rPois    .         Spirit   .   (no helmet)
rElec    .         Reflect  .   (no cloak)
rCorr    .         Harm     .   (no gloves)
MR       .....                  (no boots)
Stlth    ..........             (no amulet)
Regen    0.1/turn               (no ring)
MPRegen  0.1/turn               (no ring)

@: mighty, slowed, very slow
A: deterioration 1, evolution 1
a: no special abilities


You were on level 3 of the Dungeon.
You were hungry.

You visited 1 branch of the dungeon, and saw 3 of its levels.

You collected 99 gold pieces.


Innate Abilities, Weirdness & Mutations

Your body sometimes deteriorates upon taking damage.
You evolve.


   Skills:
 - Level 3.6 Fighting
 + Level 4.3 Long Blades
 - Level 3.2 Armour
 - Level 3.2 Shields


You had 2 spell levels left.
You didn't know any spells.

Inventory:

Hand Weapons
 a - a +0 long sword (weapon)
Armour
 b - a +0 scale mail (worn)
 c - a +0 shield (worn)
Scrolls
 e - 4 scrolls of identify {@r1}
 h - a scroll of random uselessness {unknown}
 k - a scroll of fear {unknown}
 m - a scroll of enchant armour {unknown}
 o - a scroll of remove curse {@r2}
Potions
 i - a potion of invisibility {unknown}
 j - a potion of flight {unknown}
 n - a potion of curing {unknown}
Comestibles
 f - a bread ration {@e1}
 g - 7 fruits {@e2}
 l - a royal jelly {@e3}

Dungeon Overview and Level Annotations

Branches:
Dungeon (3/15)

Altars:

#....###.#.#.#.#.#
#... #....#
#.#.#.#. .#.
#....###.#.#.. ...
#>....##.#... ...
#......#.... ...
#....#.#.#.###o#..
#....#(....r.....
####.####.#o{░
#......o@░
########.░ #.†.░
#..... #.....░
#.....░ ......░
......░ ##.....░


You could see an orc wizard, 2 orcs and a quokka.


Message History

Something hits you but does no damage. The orc barely misses you.
Something hits you.
The orc wizard gestures wildly while chanting.
The orc wizard seems to speed up.
You slash the orc!
The orc is almost dead.
You block something's attack. The orc hits you with a mace!
* * * LOW HITPOINT WARNING * * *
You are too injured to fight recklessly!
You are too injured to fight recklessly!
Unknown command.
You feel very mighty all of a sudden. Something hits you.
* * * LOW HITPOINT WARNING * * *
The orc wizard casts a spell at you. The magic dart hits you!
* * * LOW HITPOINT WARNING * * *
Your body deteriorates!
You feel clumsy. Something hits you but does no damage.
You closely miss the orc wizard.
The orc wizard gestures at you while chanting.
You feel yourself slow down. You block the orc's attack.
Something hits you but does no damage. You block the orc wizard's attack.
You block the orc's attack. Something hits you but does no damage.
You miss the orc wizard. You block the orc wizard's attack.
Something hits you but does no damage.
The orc wizard gestures at you while chanting.
The magic dart hits you!
You die...

Skill      XL: |  1  2  3 |
---------------+----------+-----
Long Blades    | 3 4 |  4.3
Fighting       | |  3.6
Armour         | |  3.2
Shields        | |  3.2

Action                   || total
-------------------------++-------
Melee: Long sword        ||   169
  Use: Scroll            ||     4
       Potion            ||     2
  Eat: Chunk             ||     3
Armor: Scale mail        ||    96
Dodge: Dodged            ||    46
Block: Shield            ||   110
       Rpst.: Long sword ||    10

Vault maps used:
D:1:      minmay_arrival_five_plusses, minmay_misc_feat_secret_circle,
          minmay_misc_feat_tiny, minmay_crystal_water
D:2:      grunt_ministairs_13
D:3:      lemuel_crystal_altar, minitemple, grunt_ministairs_2,
          minmay_misc_feat_more_columns, minmay_curled_crystal, glass_columns_b

Notes
Turn   | Place    | Note
-------+----------+-------------------------------------------
     0 | D:1      | Jazqa the Hill Orc Fighter began the quest for the Orb.
     0 | D:1      | Reached XP level 1. HP: 19/19 MP: 1/1
   166 | D:2      | Reached XP level 2. HP: 6/26 MP: 2/2
   442 | D:1      | Reached skill level 3 in Long Blades
  1171 | D:1      | Reached XP level 3. HP: 28/31 MP: 3/3
  1384 | D:2      | Gained mutation: Your body sometimes deteriorates upon taking damage. [potion of mutation]
  1384 | D:2      | Gained mutation: You evolve. [potion of mutation]
  1393 | D:2      | Reached skill level 4 in Long Blades
  1971 | D:3      | Killed from afar by an orc wizard

Vanquished Creatures
  A dart slug (D:1)
  A leopard gecko (D:1)
  4 bats (D:1)
  2 giant cockroaches (D:3)
  7 goblins
  8 hobgoblins
  2 jackals (D:2)
  4 kobolds
  A quokka (D:3)
  3 frilled lizards (D:1)
  8 rats
41 creatures vanquished.
